 Dungeon Crawl Stone Soup version 0.25-a0-571-gb5e01bddfa (webtiles) character file.

Game seed: 5206619900174547403, levelgen mode: deterministic

2072 Amnekian the Sneak (level 9, -11/79 HPs)
             Began as a Naga Ice Elementalist on Feb 29, 2020.
             Was a Believer of Elyvilon.
             Mangled by a sun demon (19 damage)
             ... summoned by miscasting Summon Ice Beast
             ... on level 8 of the Dungeon.
             The game lasted 01:16:10 (10607 turns).

Amnekian the Sneak (Naga Ice Elementalist)         Turns: 10607, Time: 01:16:11

Health: -11/79     AC:  8    Str: 11    XL:     9   Next: 26%
Magic:  11/27      EV: 12    Int: 18    God:    Elyvilon [**....]
Gold:   276        SH:  0    Dex: 12    Spells: 4/12 levels left

rFire    . . .     SeeInvis +   m - staff of power
rCold    . . .     Gourm    .   (no shield)
rNeg     . . .     Faith    .   a - +0 robe
rPois    +         Spirit   .   I - +1 helmet
rElec    .         Reflect  .   t - +1 cloak
rCorr    .         Harm     .   (no gloves)
MR       ++...                  (no barding)
Stlth    ++........             (no amulet)
HPRegen  0.23/turn              f - ring of protection from magic
MPRegen  0.20/turn              C - ring of attention (curse)

@: frozen ramparts, very slightly contaminated, very slow
A: large, see invisible, deformed body, poison resistance, slowness 2, slow
metabolism 1, spit poison 1, AC +3
a: Spit Poison, Lesser Healing, Heal Other, Divine Protection, Renounce Religion


You were on level 8 of the Dungeon.
You worshipped Elyvilon.
Elyvilon was pleased with you.
You were not hungry.

You visited 2 branches of the dungeon, and saw 9 of its levels.

You collected 364 gold pieces.
You spent 88 gold pieces at shops.

Inventory:

Hand Weapons
 i - a +0 dagger
 n - a +0 flail
 q - a +1 mace
 z - a +0 morningstar of protection
Missiles
 e - 39 poisoned darts
 v - 2 curare-tipped darts
 w - a boomerang
 G - 47 stones (quivered)
Armour
 a - a +0 robe (worn)
 j - a +0 robe
 t - a +1 cloak (worn)
 D - a +0 tower shield
 H - a +1 hat
 I - a +1 helmet (worn)
Magical Staves
 m - an uncursed staff of power (weapon)
Jewellery
 f - a ring of protection from magic (left hand)
 C - a cursed ring of attention (right hand)
 K - a +6 ring of intelligence {unknown}
Wands
 d - a wand of random effects (16)
 y - a wand of polymorph (5)
Scrolls
 o - 2 scrolls of teleportation
 p - a scroll of enchant armour
 s - 3 scrolls of identify
 A - a scroll of amnesia
 B - a scroll of fear
 E - a scroll of remove curse
 F - 2 scrolls of enchant weapon
Potions
 b - a potion of magic {unknown}
 g - a potion of mutation {unknown}
 h - 2 potions of flight {unknown}
 k - 3 potions of heal wounds
 l - 3 potions of curing
 r - 4 potions of haste
 u - 2 potions of stabbing {unknown}
 x - a potion of degeneration {unknown}
 L - a potion of brilliance {unknown}
Comestibles
 c - 6 rations
 J - 3 chunks of flesh


   Skills:
 - Level 4.4 Fighting
 * Level 3.6 Armour
 - Level 5.2 Dodging
 - Level 7.1 Stealth
 - Level 2.0 Spellcasting
 - Level 4.7 Summonings
 - Level 5.9 Ice Magic


You had 4 spell levels left.
You knew the following spells:

 Your Spells              Type           Power        Failure   Level  Hunger
a - Freeze                Ice            ###.         1%          1    #......
b - Summon Ice Beast      Ice/Summ       ###.....     21%         4    #####..
c - Frozen Ramparts       Ice            ###...       4%          3    ###....

Your spell library contained the following spells:

 Spells                   Type           Power        Failure   Level  Hunger
 Ozocubu's Armour         Chrm/Ice       ##......     16%         3    ###....
 Hailstorm                Conj/Ice       ##......     47%         4    #####..


Dungeon Overview and Level Annotations

Branches:
Dungeon (8/15)             Temple (1/1) D:6
   Lair: D:8-11

Altars:
Ashenzari
Cheibriados
Dithmenos
Elyvilon
Fedhas
Gozag
Hepliaklqana
Kikubaaqudgha
Makhleb
Nemelex Xobeh
Okawaru
Qazlal
Ru
Sif Muna
Trog
Wu Jian
Xom
Yredelemnul
Zin

Shops:
D:6 ![:*

Annotations:
D:2 Sigmund
D:4 Prince Ribbit
D:5 Menkaure
D:6 exclusion: slave


Innate Abilities, Weirdness & Mutations

You cannot wear boots.
Your serpentine skin is tough. (AC +3)
You have supernaturally acute eyesight. (SInv)
Armour fits poorly on your strangely shaped body.
Your system is resistant to poisons. (rPois)
You cover ground very slowly.
You have a slow metabolism.
You can spit poison.


Message History

The sun demon barely misses you.
Casting: Freeze (safe; 1% risk of failure)
Confirm with . or Enter, or press ? or * to list all spells.
Aiming: Freeze (safe; 1% risk of failure)
Press: ? - help, Shift-Dir - straight line, f/p - centaur
Aim: a centaur, quivering 8 arrows (almost dead, encased in ice)
You freeze the centaur.
The centaur is almost dead.
The walls release a blast of icicles at the centaur!
You kill the centaur!
The walls release a blast of icicles at the sun demon!
The sun demon hits you!!
* * * LOW HITPOINT WARNING * * *
You are engulfed in flames!
* * * LOW HITPOINT WARNING * * *
Unknown command.
You are healed.
You feel somewhat more hungry.
The walls release a blast of icicles at the sun demon!
The sun demon hits you!!
You die...

..... ....
...# .<#
... #.#
#)# #@#
#3# #)#
######)#
#.#....(.#
#......<.#
###.....(#
#....(.#
#......#


You could see a sun demon.

Vanquished Creatures
  Duvessa (D:6)
  An orc warrior (D:6)
  3 ogres
  3 centaurs
  A big kobold (D:8)
  A bullfrog (D:7)
  Dowan (D:6)
  A scorpion (D:6)
  2 crimson imps
  5 orc priests
  2 hounds
  An iguana (D:4)
  6 worker ants
  7 orc wizards
  A hound skeleton (D:4)
  3 gnolls
  8 adders
  2 shadow imps
  2 worms (D:4)
  A dart slug (D:3)
  4 leopard geckos
  28 orcs
  8 bats
  3 giant cockroaches
  11 goblins
  15 hobgoblins
  7 jackals (D:7)
  2 quokkas
  A ball python (D:6)
  6 frilled lizards
  15 kobolds
  2 quokka zombies
  4 rats
158 creatures vanquished.

Vanquished Creatures (collateral kills)
  An orc warrior (D:6)
  An eye of draining (D:8)
  An ogre (D:7)
  A centaur (D:7)
  A hound (D:6)
  2 orcs (D:6)
  2 kobolds (D:8)
9 creatures vanquished.

Grand Total: 167 creatures vanquished

Notes
Turn   | Place    | Note
-------+----------+-------------------------------------------
     0 | D:1      | Amnekian the Naga Ice Elementalist began the quest for the
                  | Orb.
     0 | D:1      | Reached XP level 1. HP: 15/15 MP: 3/3
   355 | D:1      | Reached XP level 2. HP: 19/22 MP: 3/5
  1011 | D:2      | Reached XP level 3. HP: 19/28 MP: 4/6
  1130 | D:2      | Noticed Sigmund
  1407 | D:2      | Reached skill level 5 in Ice Magic
  1593 | D:2      | Found a sparkling altar of Nemelex Xobeh.
  2040 | D:3      | Noticed an ogre
  2145 | D:3      | Noticed an ogre
  2192 | D:4      | Reached skill level 4 in Stealth
  2307 | D:2      | Reached XP level 4. HP: 33/36 MP: 2/7
  2490 | D:3      | Learned a level 4 spell: Summon Ice Beast
  2735 | D:3      | Reached skill level 5 in Stealth
  2936 | D:3      | Reached skill level 6 in Stealth
  3408 | D:4      | Reached XP level 5. HP: 41/42 MP: 3/8
  3478 | D:5      | Entered Level 5 of the Dungeon
  3478 | D:5      | Noticed a phantom
  3526 | D:4      | Reached skill level 7 in Stealth
  3558 | D:4      | Reached skill level 1 in Fighting
  3619 | D:4      | Noticed a centaur
  3830 | D:4      | Learned a level 3 spell: Frozen Ramparts
  3905 | D:4      | Killed a centaur
  3905 | D:4      | Reached XP level 6. HP: 39/56 MP: 9/9
  4250 | D:5      | Noticed Menkaure
  4810 | D:5      | Reached XP level 7. HP: 66/66 MP: 10/10
  4954 | D:6      | Found Waxkaq's Antique Armour Emporium.
  4988 | D:5      | Noticed Prince Ribbit
  5085 | D:5      | Reached skill level 1 in Summonings
  6546 | D:5      | Reached XP level 8. HP: 46/73 MP: 7/11
  7824 | D:6      | Found Cigeuxzohae's General Store.
  7835 | D:6      | Found a staircase to the Ecumenical Temple.
  7854 | Temple   | Entered the Ecumenical Temple
  8039 | Temple   | Became a worshipper of Elyvilon the Healer
  8384 | D:6      | Found Weef Dudouz's Distillery.
  8391 | D:6      | Bought a potion of heal wounds for 55 gold pieces
  8391 | D:6      | Bought a potion of curing for 33 gold pieces
  8487 | D:6      | Found Tilitt's Book Shop.
  9114 | D:6      | Noticed Duvessa
  9126 | D:6      | Noticed Dowan
  9138 | D:6      | Killed Duvessa
  9140 | D:6      | Killed Dowan
  9140 | D:6      | Reached skill level 5 in Dodging
  9303 | D:7      | Reached * piety under Elyvilon
  9583 | D:7      | Found a shadowy altar of Dithmenos.
  9790 | D:7      | Reached skill level 1 in Armour
  9790 | D:7      | Reached XP level 9. HP: 34/79 MP: 12/12
 10195 | D:7      | Reached ** piety under Elyvilon
 10314 | D:7      | Found an ornate altar of the Wu Jian Council.
 10602 | D:8      | Noticed a sun demon
 10607 | D:8      | Mangled by a sun demon

Levels and vault maps discovered:
D:1:      lemuel_arrival_rhombus, layout_rooms
D:2:      cheibrodos_greedy_goblins, layout_basic,
          nemelex_xobeh_ov_fountains_minmay, minivault_19, uniq_sigmund
D:3:      layout_loops_ring
D:4:      layout_basic
D:5:      layout_gridville, first_ration, uniq_menkaure, uniq_prince_ribbit1
D:6:      layout_loops_ring, minmay_temple_entry_overgrown, serial_shops,
          nicolae_shop_stone, nicolae_shop_stone, nicolae_shop_stone,
          kennysheep_mini, nicolae_ossuary_entry_plus, uniq_pikel, uniq_duvessa
D:7:      layout_loops_corners, grunt_dithmenos_smoke_and_mirrors,
          lemuel_doored_altar
D:8:      layout_rooms, kennysheep_little_box, nicolae_overflow_hidden_temple
Temple:   eino_temple_rhombus

Skill      XL: |  1  2  3  4  5  6  7  8  9 |
---------------+----------------------------+-----
Ice Magic      | 5 |  5.9
Stealth        | 4 6 7 |  7.1
Fighting       | 3 4 |  4.4
Summonings     | 4 |  4.7
Dodging        | 5 |  5.2
Armour         | 1 3 |  3.6
Spellcasting   | |  2.0

Action                   |  1- 3 |  4- 6 |  7- 9 || total
-------------------------+-------+-------+-------++-------
Melee: Unarmed           |    17 |       |       ||    17
       Club              |    45 |       |       ||    45
       Dagger            |     8 |       |       ||     8
       Mace              |       |    20 |       ||    20
       Staff             |       |     4 |    46 ||    50
       Morningstar       |       |       |    51 ||    51
Throw: Stone             |    14 |    15 |    11 ||    40
       Boomerang         |       |       |    30 ||    30
       Dart              |       |       |     8 ||     8
 Cast: Freeze            |    38 |    50 |    85 ||   173
       Frozen Ramparts   |       |     3 |    27 ||    30
       Summon Ice Beast  |       |       |    10 ||    10
Invok: Lesser Healing    |       |       |     1 ||     1
 Abil: Spit Poison       |     5 |     7 |    19 ||    31
  Use: Scroll            |       |    11 |     2 ||    13
       Potion            |       |       |     2 ||     2
 Stab: Sleeping          |     6 |       |     2 ||     8
  Eat: Chunk             |     4 |     4 |    17 ||    25
       Ration            |       |     1 |     2 ||     3
Armor: Robe              |    22 |     6 |    72 ||   100
Dodge: Dodged            |    67 |    38 |   151 ||   256

Table legend:
 A = Non-vault XP
 B = Vault XP
 C = Vault XP percentage of total XP
 D = Non-vault monster count
 E = Vault monster count
 F = Vault count percentage of total count
                 A         B        C        D         E       F
            +---------+---------+-------+---------+---------+-------
      Total |    2704 |     257 |   8.7 |     152 |      15 |   9.0
            +---------+---------+-------+---------+---------+-------
        D:1 |      35 |       0 |   0.0 |      21 |       0 |   0.0
        D:2 |      48 |      25 |  34.2 |      14 |      13 |  48.1
        D:3 |     383 |       0 |   0.0 |      25 |       0 |   0.0
        D:4 |     433 |       0 |   0.0 |      19 |       0 |   0.0
        D:5 |     443 |       0 |   0.0 |      28 |       0 |   0.0
        D:6 |     635 |     232 |  26.8 |      19 |       2 |   9.5
        D:7 |     339 |       0 |   0.0 |      15 |       0 |   0.0
        D:8 |     388 |       0 |   0.0 |      11 |       0 |   0.0
            +---------+---------+-------+---------+---------+-------
